 Dungeon Crawl Stone Soup version 0.21.1-1-g345015f (webtiles) character file.

1150625 ponchio the Bringer of Law (level 27, -24/199 HPs)
             Began as a Gargoyle Fighter on May 6, 2018.
             Was the Champion of Zin.
             Killed from afar by a Brimstone Fiend (37 damage)
             ... with damnation
             ... on level 7 of Gehenna on May 10, 2018.
             The game lasted 15:34:15 (130335 turns).

ponchio the Bringer of Law (Gargoyle Fighter)     Turns: 130335, Time: 15:34:15

Health: -24/199    AC: 75    Str: 22      XL:     27
Magic:  40/40      EV: 30    Int:  7 (8)  God:    Zin [******]
Gold:   5280       SH: 22    Dex: 22      Spells: 26/26 levels left

rFire    + + +     SeeInvis .   k - +9 sacred scourge (holy)
rCold    + + +     Gourm    .   V - +2 shield of Resistance {rF+ rC+ MR+}
rNeg     + + +     Faith    .   D - +13 chain mail "Nokiahos" {Str+4}
rPois    ∞         Spirit   .   g - +5 helmet of the Villain {rCorr}
rElec    +         Reflect  .   L - +4 dragonskin cloak
rCorr    +         Harm     .   q - +2 pair of gloves
MR       +++++     Rnd*Rage +   B - +2 pair of boots {Stlth+} Stlth ..........NoTele +
                                t - necklace of Bloodlust {*Rage +Rage MR++ Int-3 Slay+6 *Curse} (curse)
HPRegen  0.43/turn              X - ring of the Tuna {rF+ rC+ Str-4 Dex+4}
MPRegen  0.27/turn              u - ring of Visugon {Wiz -Tele rF+ rC+ rN++}

@: flying, hasted, studying Spellcasting, very quick
A: big wings, thin metallic scales 1, negative energy resistance 1, electricity
resistance, unbreathing, petrification resistance, rot immunity, AC +20
}: 8/15 runes: serpentine, barnacled, slimy, silver, iron, icy, bone, demonic
a: Stop Flying, Recite, Vitalisation, Imprison, Sanctuary, Donate Gold, Renounce
Religion, Evoke Berserk Rage


You were on level 7 of Gehenna.
You worshipped Zin.
Zin was exalted by your worship.
You were not hungry.

You visited 18 branches of the dungeon, and saw 89 of its levels.
You visited Pandemonium 1 time, and saw 7 of its levels.
You visited the Abyss 3 times.
You visited 1 bazaar.
You also visited: Labyrinth, Bailey, Ice Cave and Wizlab.

You collected 14200 gold pieces.
You spent 4581 gold pieces at shops.
You donated 4339 gold pieces to Zin.

Inventory:

Hand Weapons
 k - a +9 sacred scourge of holy wrath (weapon)
 C - the +7 captain's cutlass {speed, disarm}
   (You found it on level 5 of the Dungeon)

   Attacks with this weapon are significantly faster.
Armour
 g - the +5 helmet of the Villain (worn) {rCorr}
   (You found it on level 4 of the Lair of Beasts)

   It protects you from acid and corrosion.
 q - a +2 pair of gloves (worn)
 B - a +2 pair of boots of stealth (worn)
 D - the +13 chain mail "Nokiahos" (worn) {Str+4}
   (You bought it in a shop on level 7 of the Dungeon)

   It affects your strength (+4).
 L - the +4 dragonskin cloak (worn)
   (You took it off Tiamat on level 3 of the Realm of Zot)
 V - the +2 shield of Resistance (worn) {rF+ rC+ MR+}
   (You found it on level 3 of the Crypt)

   It protects you from fire.
   It protects you from cold.
   It affects your resistance to hostile enchantments.
Jewellery
 c - the ring of Piff {Int+3 Stlth+, unknown}
   (You took it off a balrug on level 7 of Gehenna)

   [ring of intelligence]

   It affects your intelligence (+3).
   It makes you more stealthy.
 t - the cursed necklace of Bloodlust (around neck) {*Rage +Rage MR++ Int-3 Slay+6 *Curse}
   (You found it on level 3 of the Snake Pit)

   [amulet of rage]

   It affects your intelligence (-3).
   It affects your accuracy and damage with ranged weapons and melee attacks
   (+6).
   It affects your resistance to hostile enchantments.
   It lets you go berserk.
   It may make you go berserk in combat.
   It curses itself when equipped.
   It has a curse placed upon it.
 u - the ring of Visugon (right hand) {Wiz -Tele rF+ rC+ rN++}
   (You bought it in a shop on level 4 of the Snake Pit)

   [ring of wizardry]

   It improves your spell success rate.
   It protects you from fire.
   It protects you from cold.
   It greatly protects you from negative energy.
   It prevents most forms of teleportation.
 x - an uncursed ring of see invisible
 X - the ring of the Tuna (left hand) {rF+ rC+ Str-4 Dex+4}
   (You bought it in a shop on level 4 of the Snake Pit)

   [ring of protection from fire]

   It affects your strength (-4).
   It affects your dexterity (+4).
   It protects you from fire.
   It protects you from cold.
Wands
 b - a wand of flame (152)
 E - a wand of digging (3)
 R - a wand of iceblast (66)
Scrolls
 a - 9 scrolls of identify
 l - 35 scrolls of teleportation
 o - 4 scrolls of silence
 s - 12 scrolls of fog
 w - a scroll of holy word
 A - 44 scrolls of remove curse
 J - 3 scrolls of magic mapping
 K - 9 scrolls of fear
 M - 7 scrolls of summoning
 Q - 8 scrolls of blinking
Potions
 d - 6 potions of might
 e - 2 potions of magic
 h - 23 potions of curing
 i - 7 potions of heal wounds
 j - 4 potions of berserk rage
 m - 8 potions of agility
 p - 2 potions of haste
 r - 3 potions of brilliance
 F - 6 potions of ambrosia
 I - 7 potions of resistance
Books
 P - a manual of Spellcasting
Miscellaneous
 z - a fan of gales
 O - 6 phantom mirrors
 S - a phial of floods
Comestibles
 f - 48 rations


   Skills:
 O Level 27 Fighting
 - Level 16.3 Short Blades
   Level 0.2(17.4) Axes
 O Level 27 Maces & Flails
 O Level 27 Armour
 O Level 27 Dodging
 O Level 27 Shields
 O Level 27 Invocations
 + Level 10.4 Evocations


You had 26 spell levels left.
You didn't know any spells.

Dungeon Overview and Level Annotations

Branches:
Dungeon (15/15)            Temple (1/1) D:7            Lair (6/6) D:9
 Shoals (4/4) Lair:3        Snake (4/4) Lair:2        Slime (5/5) Lair:5
    Orc (2/2) D:9             Elf (3/3) Orc:2        Vaults (5/5) D:13
  Crypt (3/3) Vaults:3       Tomb (2/3) Crypt:3      Depths (5/5) D:15
   Hell (1/1)                 Dis (7/7) Hell            Geh (7/7) Hell
    Coc (7/7) Hell            Tar (7/7) Hell            Zot (5/5) Depths:5

Altars:
Ashenzari
Cheibriados
Dithmenos
Elyvilon
Fedhas
Gozag
Hepliaklqana
Kikubaaqudgha
Makhleb
Nemelex Xobeh
Okawaru
Qazlal
Ru
Sif Muna
Trog
Uskayaw
Vehumet
Wu Jian
Xom
Yredelemnul
Zin
The Shining One
Jiyva
Lugonu

Shops:
D:7 [   D:12 [   D:14 *   Orc:1 :   Orc:2 =*((   Elf:1 :   Elf:2 (   Elf:3 (
Shoals:1 =*   Shoals:4 *   Snake:4 =(:   Vaults:2 [   Vaults:3 *   Vaults:4 =
Depths:1 [   Depths:5 ==}

Portals:
Hell: Depths:1 Depths:2 Depths:3 Depths:4 Depths:5
Abyss: Depths:3 Depths:4
Pandemonium: Depths:2 Depths:3
Ziggurat: Depths:2


Innate Abilities, Weirdness & Mutations

You are resistant to torment.
Your stone body is resilient. (AC +20)
You are immune to poison.
Your large and strong wings let you fly indefinitely.
You resist negative energy. (rN+)
You are resistant to electric shocks. (rElec)
You can survive without breathing.
You are immune to petrification.
You are immune to rotting.
You are partially covered in thin metallic scales. (AC +2)


Message History

The damnation engulfs the Brimstone Fiend.
The Brimstone Fiend completely resists.
The Brimstone Fiend hits you but does no damage.
You block the Brimstone Fiend's attack. x2
Unknown command.
You hit the Brimstone Fiend but do no damage.
The Brimstone Fiend is moderately wounded.
You are ready to recite again.
You whack the Brimstone Fiend!
The Brimstone Fiend convulses!
The Brimstone Fiend is severely wounded.
The Brimstone Fiend hits you.
* * * LOW HITPOINT WARNING * * *
The Brimstone Fiend misses you.
You block the Brimstone Fiend's attack. x3
The Brimstone Fiend hits you but does no damage.
You feel yourself speed up. You block the Brimstone Fiend's attack.
The Brimstone Fiend completely misses you.
You block the Brimstone Fiend's attack. The Brimstone Fiend gestures at you.
The sphere of damnation explodes!
The damnation engulfs you!
You die...

....#...............#.....#.≈≈≈≈.
....#..............)#.⌠.⌠.#.≈≈≈≈.
....'...............'.....#.≈§≈..
....#............##########.≈≈...
....#............# #......
....############## #......
....'............#}. #......
....#............#.. #......
################@#.Z #......
...#...........11#'## #.....§
...#.............#.Z #.....≈
≈..#..1..........#.# #....≈≈
≈§.#1#############.# #.....≈
≈≈.#..)....)....1..# #.....§
...##############'#########..§§§≈
......# ........##.........§≈§≈
......# .....1.###.......≈≈≈§≈§


You could see 2 Brimstone Fiends.

Vanquished Creatures
  Antaeus (Coc:7)
  the Royal Jelly (Slime:5)
  5 pandemonium lords (Pan)
  Ereshkigal (Tar:7)
  the Serpent of Hell (Coc:7)
  Tiamat (Zot:3)
  Dispater (Dis:7)
  6 orbs of fire (Zot:5)
  12 ancient liches
  Khufu (Crypt:1)
  Mara (Depths:4)
  A juggernaut (Depths:2)
  The ghost of Setanta the Conqueror, a legendary MiFi of Gozag (Zot:5)
  19 greater mummies
  Boris (Crypt:1)
  Margery (Vaults:4)
  Vashnia (Snake:4)
  Bai Suzhen (Crypt:1)
  26 shard shrikes
  7 Killer Klowns
  Saint Roka (Vaults:1)
  Geryon (Hell)
  2 curse toes
  5 golden dragons
  The ghost of crasatator the Wrestler, an adept TrFi of Okawaru (Vaults:4)
  Nikola (Snake:1)
  18 bone dragons
  33 Tzitzimimeh
  Jorgrun (Vaults:1)
  9 iron giants
  22 liches
  5 electric golems
  10 doom hounds
  23 Brimstone Fiends
  A Cloud Mage (WizLab)
  3 hellephants
  15 tentacled monstrosities
  14 Hell Sentinels
  Rupert (D:13)
  22 Ice Fiends
  2 deep elf master archers (Elf:3)
  24 Orb Guardians (Zot:5)
  The ghost of Scuka the Warrior, an adept KoBe of Trog (Snake:4)
  13 titans
  2 deep elf blademasters
  10 quicksilver dragons
  32 acid blobs
  6 eldritch tentacles
  20 ancient champions
  4 Executioners
  Frances (Elf:1)
  A sphinx (shapeshifter) (Vaults:5)
  A kraken (Shoals:2)
  3 death cobs
  13 storm dragons
  10 sphinxes
  4 tentacled starspawn
  A daeva (Pan)
  20 shadow dragons
  5 tengu reavers
  Donald (Vaults:4)
  8 nagarajas
  Roxanne (Snake:4)
  11 draconian monks
  9 fire giants
  2 revenants
  11 azure jellies
  Ilsuiw (Shoals:4)
  8 frost giants
  12 iron dragons
  7 draconian knights
  8 deep elf sorcerers
  16 vault wardens
  10 draconian shifters
  7 cacodemons (Pan)
  A caustic shrike zombie (Crypt:3)
  2 ghost moths
  5 draconian scorchers
  A ghost moth (shapeshifter) (Vaults:4)
  4 black suns (Pan)
  5 deep elf elementalists
  13 balrugs
  15 ironheart preservers
  6 warmongers (Pan)
  7 curse skulls
  9 very ugly things
  4 ghouls (Crypt:1)
  19 war gargoyles
  7 draconian stormcallers
  9 draconian annihilators
  110 reapers
  2 bennus (Tomb:2)
  6 elemental wellsprings
  2 blood saints (Pan)
  7 corrupters (Pan)
  2 entropy weavers
  The ghost of cultivahabas the Severer, a journeyman HOMo of Beogh (Shoals:1)
  14 green draconians
  4 lorocyprocas (Pan)
  16 stone giants
  6 deep elf annihilators
  A dire elephant (Zot:2)
  130 slime creatures
  5 deep elf demonologists
  14 black draconians
  10 white draconians
  Azrael (Snake:3)
  8 vampire knights
  20 red draconians
  9 spark wasps
  8 yellow draconians
  11 purple draconians
  4 merfolk javelineers
  4 deep elf death magi
  4 crystal guardians
  9 ettins
  9 fire dragons
  26 blizzard demons
  8 eidola
  13 quicksilver dragon zombies
  3 death oozes
  A minotaur (Lab)
  14 mummy priests
  11 green deaths
  2 kraken zombies
  7 small abominations
  14 jiangshi
  8 merfolk impalers
  8 rakshasas
  6 deep elf high priests
  9 ogre magi
  3 great orbs of eyes (shapeshifter)
  14 great orbs of eyes
  16 yaktaur captains
  5 quicksilver dragon skeletons
  33 ice dragons
  6 monstrous demonspawn
  7 ghost crabs
  34 vault guards
  7 hydras
  2 hell beasts (Pan)
  6 spriggan air magi
  11 centaur warriors
  17 anacondas
  A juggernaut simulacrum (Pan)
  17 naga warriors
  2 merfolk avatars
  18 dancing weapons
  3 satyrs
  20 two-headed ogres
  6 merfolk aquamancers
  10 death yaks (Lair:6)
  6 death scarabs (Tomb:1)
  7 deep troll shamans
  6 tengu warriors
  11 vampire magi
  6 deep troll earth magi
  53 hell hogs
  4 spriggan berserkers
  11 titan zombies
  2 thrashing horrors (Abyss:1)
  5 orc high priests
  49 soul eaters
  13 storm dragon zombies
  19 naga sharpshooters
  22 deep elf knights
  4 wretched stars
  10 shock serpents
  23 sun demons
  15 titan skeletons
  2 iron trolls
  15 sixfirhies (Pan)
  6 iron golems
  3 fire crabs
  57 hell knights
  28 shadow wraiths
  8 salamander mystics
  210 skeletal warriors
  A spark wasp zombie (Crypt:1)
  11 storm dragon skeletons
  16 flayed ghosts
  6 gelid demonspawn (Pan)
  A spatial maelstrom (Abyss:4)
  6 ghost moth zombies
  6 glowing orange brains
  11 torturous demonspawn (Pan)
  6 death drakes
  16 deep elf archers
  12 deep trolls
  10 golden dragon zombies
  9 unseen horrors
  2 infernal demonspawn (Pan)
  41 shadow demons
  26 sea snakes
  3 wizards
  25 anaconda zombies
  A sea snake (shapeshifter) (Vaults:5)
  10 naga ritualists
  9 anaconda skeletons
  10 shadow dragon zombies
  11 ironbrand convokers
  24 necromancers
  19 ugly things
  2 kraken simulacra
  9 wolf spider zombies
  21 phantasmal warriors
  5 golden dragon skeletons
  22 orc knights
  17 harpies
  A harpy (shapeshifter) (Vaults:4)
  2 wolf spiders
  An orange crystal statue (Vaults:4)
  16 stone giant zombies
  2 oklob plants
  9 mana vipers
  65 deep elf magi
  7 cyclopes
  13 manticores
  8 shining eyes
  An elephant (shapeshifter) (Vaults:1)
  16 fire giant zombies
  The ghost of Krilegs the Magician, a novice DrTm of Hepliaklqana (D:7)
  9 iron dragon zombies
  8 salamanders
  8 shadow dragon skeletons
  14 frost giant zombies
  A sphinx skeleton (Crypt:3)
  14 fauns
  16 moths of wrath
  6 frost giant skeletons
  3 shock serpent zombies
  9 orc sorcerers
  13 elephants
  2 centaur zombies
  4 merfolk sirens
  8 dire elephant zombies
  3 guardian serpents (shapeshifter) (Abyss:4)
  11 guardian serpents
  37 black mambas
  4 water nymphs
  6 iron dragon skeletons
  12 vault sentinels
  22 smoke demons
  18 molten gargoyles
  10 ice statues
  15 naga magi
  An eye of devastation (Lair:5)
  9 fire giant skeletons
  55 rust devils
  3 titan simulacra
  13 stone giant skeletons
  5 gargoyles
  4 catoblepas zombies
  5 dire elephant skeletons
  An apocalypse crab (WizLab)
  23 spiny frogs
  14 orange demons
  55 hellions
  3 spriggan zombies
  11 emperor scorpion zombies
  9 efreet
  3 yaktaur zombies (Hell)
  3 shock serpent skeletons
  2 kobold demonologists (Depths:1)
  3 rime drakes
  61 yaktaurs
  5 demonic crawlers
  2 anaconda simulacra (Coc:5)
  4 komodo dragons
  A purple draconian skeleton (Crypt:3)
  16 guardian mummies
  The ghost of Akransas the Bolt Thrower, a novice KoHu (D:5)
  10 hellwings
  2 catoblepas skeletons
  52 freezing wraiths
  78 tormentors
  2 ancient zymes (Abyss:4)
  32 red devils
  A sea snake zombie (Crypt:2)
  90 ice devils
  A troll (shapeshifter) (Vaults:1)
  33 hydra zombies
  6 silent spectres
  8 trolls
  A polar bear (shapeshifter) (Elf:2)
  A meliai (shapeshifter) (D:13)
  2 tengu conjurers (Depths:3)
  3 harpy zombies
  8 wind drakes
  2 polar bears
  A wind drake (shapeshifter) (D:15)
  2 hornets (Depths:2)
  3 tyrant leeches (Lair:6)
  Grinder (D:5)
  15 blink frogs
  24 merfolk
  13 hydra skeletons
  8 dream sheep
  3 harpy skeletons
  A shadow dragon simulacrum (Coc:5)
  13 alligator zombies
  16 fire dragon zombies
  10 ettin zombies
  29 raiju (Abyss:4)
  A human simulacrum (Vaults:1)
  A blink frog (shapeshifter) (Vaults:5)
  2 frost giant simulacra
  8 snapping turtles
  18 ice dragon zombies
  8 bog bodies (Coc:7)
  8 black mamba zombies
  12 hippogriffs
  14 ettin skeletons
  A spriggan (shapeshifter) (Vaults:2)
  161 flying skulls
  A redback (Vaults:4)
  2 vampires (D:12)
  3 spriggans
  9 air elementals
  43 shadows
  5 fire dragon skeletons
  2 wyverns (Lair:5)
  30 water elementals
  11 ynoxinuls
  27 yaks
  5 ice dragon skeletons
  59 wraiths
  61 fire elementals
  A human (shapeshifter) (Vaults:1)
  29 ushabtiu
  4 dire elephant simulacra
  3 fire bats (Geh:6)
  19 hungry ghosts
  6 alligator skeletons
  17 golden eyes
  5 humans (Zot:2)
  13 chaos spawn
  A steam dragon (D:14)
  12 neqoxecs
  An emperor scorpion simulacrum (Crypt:1)
  4 basilisks
  10 vampire mosquitoes
  25 large abominations
  5 harpy simulacra (IceCv)
  69 nagas
  A naga (shapeshifter) (Vaults:5)
  4 spatial vortices
  5 wargs
  A soldier ant (D:12)
  A merfolk zombie (Tar:4)
  A merfolk skeleton (Coc:5)
  2 soldier ants (shapeshifter)
  2 faun zombies
  An acid dragon (D:13)
  22 spiny frog zombies
  A gelid demonspawn zombie (Crypt:3)
  4 hydra simulacra
  7 porcupines
  88 hell hounds
  A monstrous demonspawn skeleton (Crypt:2)
  48 orc warriors
  10 water moccasins
  A black bear (shapeshifter) (Vaults:2)
  2 black bears
  A sky beast (D:6)
  A lindwurm zombie (Crypt:2)
  4 manticore zombies
  8 spiny frog skeletons
  15 phantoms
  An alligator simulacrum (Coc:3)
  11 eyes of draining
  2 fire dragon simulacra
  26 ice beasts
  45 necrophages
  14 snapping turtle zombies
  A swamp dragon zombie (Dis:7)
  2 ettin simulacra
  24 ogres
  2 lindwurm skeletons
  A centaur (shapeshifter) (Vaults:5)
  6 snapping turtle skeletons
  4 boggarts
  12 centaurs
  15 wolves
  7 crocodiles
  A hog skeleton (Crypt:1)
  5 manticore skeletons
  2 swamp dragon skeletons
  A big kobold (D:12)
  2 elf zombies (Tar:5)
  A draconian zombie (Crypt:2)
  27 bullfrogs
  3 earth elementals
  A yaktaur skeleton (Crypt:3)
  A cyclops zombie (Crypt:1)
  A wyvern skeleton (D:6)
  2 spiny frog simulacra
  7 scorpions
  A polar bear zombie (Crypt:2)
  9 killer bees
  A swamp dragon simulacrum (Coc:3)
  100 wights
  6 electric eels
  6 howler monkeys
  2 raiju skeletons
  2 troll skeletons
  16 crimson imps
  4 quasits
  A bullfrog zombie (D:5)
  6 hounds
  4 jellies
  4 centaur skeletons
  19 orc priests
  5 human zombies
  37 iron imps
  Crazy Yiuf (D:4)
  A bullfrog skeleton (D:13)
  10 iguanas
  32 orc wizards
  A human skeleton (Geh:7)
  7 worker ants
  Ijyb (D:3)
  4 tengu zombies
  2 naga zombies
  An ogre zombie (Tomb:2)
  An ogre skeleton (Coc:7)
  A demigod skeleton (Crypt:3)
  A hound zombie (D:7)
  2 naga skeletons
  55 mummies
  A howler monkey zombie (D:9)
  A worker ant zombie (D:10)
  Robin (D:3)
  5 gnolls
  A howler monkey skeleton (D:6)
  12 adders
  31 shadow imps
  34 white imps
  2 ufetubi
  An ooze (D:4)
  2 adder zombies (D:7)
  3 adder skeletons
  2 dart slugs
  8 leopard geckos
  137 orcs
  3 ball pythons
  8 bats
  6 giant cockroaches
  10 goblins
  10 hobgoblins
  12 kobolds
  A ball python skeleton (D:4)
  A frilled lizard (D:2)
  A giant cockroach zombie (D:5)
  2 jackal skeletons
  2 kobold zombies
  A leopard gecko zombie (D:6)
  4 orc zombies
  6 rats
  A spectral orc (D:3)
  A crawling corpse (Vaults:5)
  2 demonic plants (Temple)
  2 fire vortices
  4 pillars of salt
  2 plants
  4 starspawn tentacles (Abyss:4)
  10 tentacles
5446 creatures vanquished.

Vanquished Creatures (collateral kills)
  4 greater mummies (Tomb:1)
  An Orb Guardian (Zot:5)
  A daeva (Abyss:1)
  A balrug (Pan)
  A cacodemon (Pan)
  3 blizzard demons (Pan)
  A green death (Pan)
  A juggernaut simulacrum (Pan)
  A sixfirhy (Pan)
  A shadow demon (Pan)
  An ice statue (Pan)
  A red devil (Pan)
  A hellwing (Pan)
  A raiju (Abyss:1)
  4 flying skulls (Tomb:1)
  2 ynoxinuls (Pan)
  A chaos spawn (Pan)
  A starspawn tentacle (Abyss:1)
27 creatures vanquished.

Vanquished Creatures (others)
  A bone dragon (Coc:2)
  A lich (Crypt:3)
  A fire giant (Vaults:5)
  2 elemental wellsprings
  A stone giant (Vaults:5)
  An eidolon (Tar:7)
  2 merfolk javelineers (Shoals:4)
  3 yaktaur captains (Vaults:5)
  A centaur warrior (D:14)
  4 death scarabs (Tomb:1)
  A shock serpent (WizLab)
  A hell hog (Geh:2)
  A shadow wraith (Vaults:5)
  A naga sharpshooter (Snake:1)
  3 deep elf archers
  2 necromancers
  A faun (Shoals:4)
  6 yaktaurs
  A tormentor (Coc:5)
  A hornet (Vaults:1)
  3 flying skulls (Tomb:1)
  A ynoxinul (Pan)
  3 wraiths
  A human (Depths:4)
  A fire elemental (Geh:7)
  A neqoxec (Abyss:4)
  A warg (Vaults:5)
  A naga (Snake:1)
  A hell hound (Geh:7)
  A necrophage (Geh:3)
  A boggart (Depths:1)
  9 centaurs
  A wight (Geh:5)
  2 orc priests
  An orc wizard (Vaults:2)
  2 mummies (Tomb:1)
  An ufetubus (Abyss:4)
  2 orcs
  A kobold zombie (Geh:1)
  11 bushes
  9 demonic plants (Abyss:4)
  9 fungi (Lair:6)
  A lurking horror (Abyss:4)
  18 pillars of salt
  74 plants
  10 starspawn tentacles
  17 tentacles
218 creatures vanquished.

Grand Total: 5691 creatures vanquished

Notes
Turn   | Place    | Note
-------+----------+-------------------------------------------
     0 | D:1      | ponchio the Gargoyle Fighter began the quest for the Orb.
     0 | D:1      | Reached XP level 1. HP: 14/14 MP: 1/1
   320 | D:1      | Reached XP level 2. HP: 19/19 MP: 2/2
  1215 | D:2      | Reached XP level 3. HP: 24/24 MP: 3/3
  1269 | D:2      | Found a glowing golden altar of the Shining One.
  1602 | D:3      | Noticed Robin
  1795 | D:3      | Killed Robin
  1966 | D:3      | Reached XP level 4. HP: 28/30 MP: 4/4
  1986 | D:3      | Noticed Ijyb
  2004 | D:3      | Killed Ijyb
  2092 | D:3      | Found a snail-covered altar of Cheibriados.
  2109 | D:3      | Reached XP level 5. HP: 31/34 MP: 5/5
  2140 | D:3      | Reached skill level 5 in Fighting
  2174 | D:3      | Found a shadowy altar of Dithmenos.
  2259 | D:3      | Found a basalt altar of Yredelemnul.
  2580 | D:4      | Reached XP level 6. HP: 34/40 MP: 6/6
  2745 | D:4      | Reached skill level 5 in Maces & Flails
  2955 | D:4      | Reached XP level 7. HP: 47/47 MP: 7/7
  3080 | D:4      | Found a runed door.
  3386 | D:4      | Noticed Crazy Yiuf
  3393 | D:4      | Killed Crazy Yiuf
  3434 | D:5      | Entered Level 5 of the Dungeon
  3578 | D:5      | Noticed Akransas's ghost (novice KoHu)
  3782 | D:5      | Killed Akransas's ghost
  3782 | D:5      | Reached XP level 8. HP: 50/53 MP: 8/8
  4131 | D:5      | Found an ornate altar of the Wu Jian Council.
  4168 | D:5      | Found the +7 captain's cutlass {speed, disarm}
  4283 | D:5      | Noticed Grinder
  4294 | D:5      | Killed Grinder
  4587 | D:6      | Reached skill level 1 in Short Blades
  4587 | D:6      | Reached skill level 1 in Dodging
  4616 | D:6      | Found a glowing silver altar of Zin.
  4646 | D:6      | Reached XP level 9. HP: 24/60 MP: 9/9
  5293 | D:6      | Found a bloodstained altar of Trog.
  5457 | D:6      | Found a deep blue altar of Sif Muna.
  5603 | D:7      | Found a white marble altar of Elyvilon.
  5619 | D:7      | Became a worshipper of Elyvilon the Healer
  5793 | D:7      | Found a sparkling altar of Nemelex Xobeh.
  5887 | D:7      | Noticed Krilegs's ghost (novice DrTm)
  5912 | D:7      | Killed Krilegs's ghost
  6023 | D:7      | Found a staircase to the Ecumenical Temple.
  6024 | D:7      | Found Moegen's Antique Armour Boutique.
  6039 | D:7      | Reached skill level 5 in Short Blades
  6047 | D:7      | Bought a pitted chain mail for 266 gold pieces
  6057 | D:7      | Identified the +13 chain mail "Nokiahos" {Str+4} (You bought it in a shop on level 7 of the Dungeon)
  6346 | Temple   | Entered the Ecumenical Temple
  6406 | D:8      | Found a blossoming altar of Fedhas.
  6486 | D:8      | Reached * piety under Elyvilon
  6594 | D:8      | Reached skill level 5 in Dodging
  6594 | D:8      | Reached XP level 10. HP: 65/65 MP: 10/10
  6705 | D:8      | Got a crystal hand axe
  6706 | D:8      | Identified the +6 hand axe of Hedoepax {freeze, rElec rF+ Dex+2} (You found it on level 8 of the Dungeon)
  6863 | D:8      | Found a stormy altar of Qazlal.
  6883 | D:8      | Reached ** piety under Elyvilon
  6955 | D:8      | Found a burning altar of Makhleb.
  7652 | D:9      | Reached skill level 1 in Invocations
  7962 | D:9      | Found a staircase to the Lair.
  8398 | D:9      | Found a shattered altar of Ashenzari.
  8530 | D:9      | Found a staircase to the Orcish Mines.
  8545 | Orc:1    | Entered Level 1 of the Orcish Mines
  8545 | Orc:1    | Found Pahoal's Book Emporium.
  8792 | Orc:1    | Found a flagged portal.
  8808 | Bailey   | Entered a bailey
  9063 | Bailey   | Noticed an orc knight
  9063 | Bailey   | Reached skill level 5 in Invocations
  9084 | Bailey   | Reached XP level 11. HP: 50/69 MP: 14/14
  9100 | Bailey   | Noticed an orc knight
  9112 | Bailey   | Killed an orc knight
  9123 | Bailey   | Killed an orc knight
  9140 | Bailey   | Noticed an orc knight
  9170 | Bailey   | Killed an orc knight
  9320 | Bailey   | Identified a scroll of acquirement
  9393 | Orc:1    | Reached *** piety under Elyvilon
  9751 | D:7      | Bought a fine shield for 266 gold pieces
  9761 | D:7      | Identified the +0 shield "Kour" {rElec rCorr} (You bought it in a shop on level 7 of the Dungeon)
  9810 | D:7      | Bought a transparent chain mail for 266 gold pieces
  9820 | D:7      | Identified the +3 chain mail of Lesser Demons {rElec} (You bought it in a shop on level 7 of the Dungeon)
  9903 | Lair:1   | Entered Level 1 of the Lair of Beasts
  9984 | Lair:1   | Noticed a six-headed hydra
  9993 | Lair:1   | Killed a six-headed hydra
 10575 | Lair:1   | Reached **** piety under Elyvilon
 10599 | Lair:1   | Reached skill level 5 in Armour
 11417 | Lair:2   | Found a staircase to the Snake Pit.
 11681 | Lair:2   | Reached XP level 12. HP: 76/76 MP: 17/17
 11682 | Lair:2   | Reached ***** piety under Elyvilon
 11933 | Lair:2   | Found an ancient bone altar of Kikubaaqudgha.
 13020 | Lair:3   | Noticed a five-headed hydra
 13036 | Lair:3   | Killed a five-headed hydra
 13036 | Lair:3   | Reached skill level 10 in Fighting
 13297 | Lair:3   | Found a staircase to the Shoals.
 13867 | Lair:4   | Got a smoking helmet
 13878 | Lair:4   | Identified the +5 helmet of the Villain {rCorr} (You found it on level 4 of the Lair of Beasts)
 14215 | Lair:5   | Noticed a seven-headed hydra
 14233 | Lair:5   | Killed a seven-headed hydra
 14308 | Lair:5   | Reached ****** piety under Elyvilon
 14457 | Lair:5   | Found a staircase to the Slime Pits.
 14560 | Lair:5   | Noticed a five-headed hydra
 14570 | Lair:5   | Killed a five-headed hydra
 14710 | Lair:5   | Reached skill level 5 in Shields
 14750 | Lair:5   | Reached XP level 13. HP: 83/83 MP: 19/19
 15456 | Lair:6   | Entered Level 6 of the Lair of Beasts
 15513 | Lair:6   | Found a labyrinth entrance.
 15532 | Lab      | Entered a labyrinth
 15933 | Lab      | Noticed a minotaur
 15953 | Lab      | Killed a minotaur
 15953 | Lab      | Was placed under penance by Elyvilon
 15964 | Lab      | Identified the Volume of Black Magic
 15967 | Lab      | Identified Somiejun's Catalogue of Fascination
 16224 | Lair:5   | Reached skill level 10 in Dodging
 16780 | Lair:6   | Reached skill level 10 in Invocations
 17035 | Lair:6   | Gained mutation: Your large and strong wings let you fly indefinitely. [Gargoyle growth]
 17035 | Lair:6   | Reached XP level 14. HP: 86/92 MP: 21/21
 18329 | Orc:2    | Entered Level 2 of the Orcish Mines
 18342 | Orc:2    | Noticed a stone giant
 18362 | Orc:2    | Killed a stone giant
 18706 | Orc:2    | Found a staircase to the Elven Halls.
 19019 | Orc:2    | Gained mutation: Your body sometimes deteriorates upon taking damage. [a neqoxec]
 19463 | Orc:2    | Paralysed by an orc sorcerer for 7 turns
 19719 | Orc:2    | Paralysed by an orc sorcerer for 6 turns
 19881 | Orc:2    | Found Xeewenyc's Jewellery Emporium.
 19881 | Orc:2    | Found Balosur's General Store.
 19884 | Orc:2    | Found Hyttur's Antique Weapon Emporium.
 19884 | Orc:2    | Found Ymopoefu's Weapon Shop.
 20000 | D:10     | Entered Level 10 of the Dungeon
 20000 | D:10     | Was forgiven by Elyvilon
 21439 | D:12     | Reached XP level 15. HP: 96/98 MP: 22/22
 21527 | D:12     | Found Wownauh's Antique Armour Boutique.
 21602 | D:12     | Reached skill level 10 in Armour
 21719 | D:12     | Reached skill level 10 in Shields
 22467 | D:13     | Noticed Rupert
 22499 | D:13     | Killed Rupert
 23475 | D:13     | Found a gate to the Vaults.
 23621 | D:14     | Found Lineutz's Assorted Antiques.
 23694 | D:14     | Bought a scroll of blinking for 180 gold pieces
 24349 | D:14     | Found a hide-covered altar of Uskayaw.
 24881 | Snake:1  | Entered Level 1 of the Snake Pit
 25731 | Snake:1  | Noticed Nikola
 25754 | Snake:1  | Killed Nikola
 26076 | Snake:1  | Reached XP level 16. HP: 104/105 MP: 25/25
 26864 | Snake:2  | Noticed a nagaraja
 26881 | Snake:2  | Killed a nagaraja
 27097 | Snake:2  | Got an ichor-stained quarterstaff
 27676 | Snake:3  | Found the cursed necklace of Bloodlust {*Rage +Rage MR++ Int-3 Slay+6 *Curse}
 27698 | Snake:3  | Noticed a nagaraja
 27711 | Snake:3  | Killed a nagaraja
 27711 | Snake:3  | Reached skill level 10 in Short Blades
 28159 | Snake:3  | Noticed Azrael
 28175 | Snake:3  | Killed Azrael
 28364 | Snake:3  | Noticed a nagaraja
 28402 | Snake:3  | Killed a nagaraja
 28852 | Snake:3  | Reached XP level 17. HP: 103/110 MP: 28/28
 29073 | Snake:3  | Reached skill level 15 in Invocations
 29646 | Snake:4  | Entered Level 4 of the Snake Pit
 29710 | Snake:4  | Found a frozen archway.
 29719 | IceCv    | Entered an ice cave
 30684 | IceCv    | Noticed an Ice Fiend
 30694 | IceCv    | Killed an Ice Fiend
 30883 | Snake:4  | Noticed Roxanne
 30983 | Snake:4  | Killed Roxanne
 31357 | Snake:4  | Noticed Scuka's ghost (adept KoBe)
 31415 | Snake:4  | Killed Scuka's ghost
 31482 | Snake:4  | Found Xupuakhau's Book Shop.
 31484 | Snake:4  | Found Qoxzesko's Weapon Shoppe.
 31974 | Snake:4  | Reached XP level 18. HP: 66/118 MP: 29/29
 32356 | Snake:4  | Reached skill level 15 in Fighting
 32567 | Snake:4  | Noticed Vashnia
 32650 | Snake:4  | Killed Vashnia
 32806 | Snake:4  | Got a serpentine rune of Zot
 33031 | Snake:4  | Found Qoreeh's Jewellery Shop.
 33036 | Snake:4  | Bought the ring of the Tuna {rF+ rC+ Str-4 Dex+4} for 819 gold pieces
 33525 | Elf:1    | Entered Level 1 of the Elven Halls
 33834 | Elf:1    | Found Fadaqus's Book Shoppe.
 33968 | Elf:1    | Noticed Frances
 33981 | Elf:1    | Killed Frances
 34017 | Elf:1    | Found a gateway to a bazaar.
 34993 | Elf:2    | Found Hoirch's Weapon Shoppe.
 35047 | Elf:2    | Found a huge runed gate.
 35047 | Elf:2    | Found a huge runed gate.
 35047 | Elf:2    | Found a huge runed gate.
 35054 | Elf:2    | Found a huge runed gate.
 35054 | Elf:2    | Found a huge runed gate.
 35642 | Elf:2    | Reached XP level 19. HP: 119/125 MP: 30/30
 35746 | Elf:3    | Entered Level 3 of the Elven Halls
 36033 | Elf:3    | Found Pyfed's Antique Weapon Shoppe.
 36137 | Elf:3    | Got a crude chain mail
 36138 | Elf:3    | Identified the +5 chain mail of the Other Side {+Inv Dex+4 SInv} (You found it on level 3 of the Elven Halls)
 37320 | Elf:3    | Got an uncursed warped morningstar {venom}
 37415 | Elf:3    | Identified the +3 morningstar of World Downfall {venom, rC+++ MR- Int+5} (You found it on level 3 of the Elven Halls)
 37546 | Elf:3    | Noticed a Tzitzimitl
 38155 | Elf:3    | Got a pitted leather armour
 38156 | Elf:3    | Identified the cursed +0 leather armour of Resonance {rCorr} (You took it off a deep elf sorcerer on level 3 of the Elven Halls)
 38202 | Elf:3    | Identified the Volume of Evil and the Glacier
 38321 | Elf:3    | Identified the Disquisition on Flames and Feathers
 38330 | Elf:3    | Got an ancient longbow
 38331 | Elf:3    | Identified the +7 longbow of Uhebun {speed, rPois rC+ rN++ Stlth-} (You found it on level 3 of the Elven Halls)
 38698 | D:15     | Entered Level 15 of the Dungeon
 38822 | D:15     | Found a runed door.
 39004 | D:15     | Found a staircase to the Depths.
 39608 | Bazaar   | Entered a bazaar
 39608 | Bazaar   | Found Cerrudghe's Antique Weapon Emporium.
 39615 | Bazaar   | Found Deqiru Cuclu's General Store.
 39623 | Bazaar   | Found Yskostri's Antique Armour Boutique.
 39634 | Bazaar   | Found Ixishrak's Gadget Emporium.
 39655 | Bazaar   | Found Guhapn's Magic Scroll Shop.
 39797 | Orc:2    | Bought the ring of Baram {rPois rF+ rN++ AC+6 Int+3} for 1417 gold pieces
 39970 | Shoals:1 | Entered Level 1 of the Shoals
 39999 | Shoals:1 | Found Winubium's Jewellery Boutique.
 40025 | Shoals:1 | Noticed cultivahabas's ghost (journeyman HOMo)
 40055 | Shoals:1 | Killed cultivahabas's ghost
 40822 | Shoals:1 | Found Veotzi's General Store.
 41395 | Shoals:2 | Reached XP level 20. HP: 132/132 MP: 32/32
 42713 | Shoals:4 | Entered Level 4 of the Shoals
 42783 | Shoals:4 | Got a twitching turquoise ring
 42790 | Shoals:4 | Noticed Ilsuiw
 42892 | Shoals:4 | Killed Ilsuiw
 43044 | Shoals:4 | Found Hiatow's General Store.
 43289 | Shoals:4 | Got a barnacled rune of Zot
 43872 | Shoals:1 | Bought a scroll of enchant weapon for 97 gold pieces
 43872 | Shoals:1 | Bought a scroll of enchant armour for 97 gold pieces
 43949 | Lair:1   | Identified the ring of Uceurub {-Tele rPois rC+ Int+2} (You found it on level 4 of the Shoals)
 44078 | Vaults:1 | Entered Level 1 of the Vaults
 44109 | Vaults:1 | Found a magical portal.
 44126 | WizLab   | Entered The Chambers of the Cloud Mage
 44303 | WizLab   | Reached skill level 15 in Dodging
 44883 | WizLab   | Got a clouded ivory ring
 44899 | WizLab   | Noticed Cakk
 44914 | WizLab   | Killed Cakk the Cloud Mage
 45109 | WizLab   | Identified Sif Muna's Papyrus of Lightness
 45123 | WizLab   | Got a sapphire-encrusted plate armour
 45124 | WizLab   | Identified the +8 plate armour of Bedevilment {+Fly} (You found it in a wizard's laboratory)
 45125 | WizLab   | Identified the ring "Zuckyc" {rElec rC+ EV+4 Str+3 Int+2} (You took it off a spriggan air mage in a wizard's laboratory)
 45517 | Vaults:1 | Got a steaming robe
 45637 | Vaults:1 | Reached XP level 21. HP: 137/137 MP: 33/33
 46071 | Vaults:1 | Identified the +0 robe of Kulorch {rPois rF+ rCorr Str-4} (You found it on level 1 of the Vaults)
 46392 | Vaults:1 | Noticed Jorgrun
 46419 | Vaults:1 | Killed Jorgrun
 46419 | Vaults:1 | Reached skill level 15 in Armour
 46487 | Vaults:1 | You are sucked into a shaft!
 46514 | Vaults:1 | Reached skill level 15 in Shields
 47231 | Vaults:2 | Noticed Saint Roka
 47544 | Vaults:1 | Killed Saint Roka
 47823 | Vaults:2 | Found Ywo Esse's Antique Armour Shop.
 48471 | Vaults:2 | Reached XP level 22. HP: 145/145 MP: 34/34
 49453 | Vaults:3 | Found Inyawnul's Assorted Antiques.
 49904 | Vaults:3 | Found a staircase to the Crypt.
 49904 | Vaults:3 | Found a basalt altar of Yredelemnul.
 49905 | Vaults:3 | Found an ancient bone altar of Kikubaaqudgha.
 50919 | Vaults:4 | Noticed Margery
 50933 | Vaults:4 | Killed Margery
 51337 | Vaults:4 | Noticed crasatator's ghost (adept TrFi)
 51374 | Vaults:4 | Killed crasatator's ghost
 51503 | Vaults:4 | Found Deffeqacve's Jewellery Shop.
 51705 | Vaults:4 | Noticed Donald
 51722 | Vaults:4 | Killed Donald
 52107 | Vaults:5 | Entered Level 5 of the Vaults
 52161 | Vaults:5 | Reached XP level 23. HP: 205/205 MP: 48/48
 54027 | Vaults:5 | Reached XP level 24. HP: 150/160 MP: 36/36
 54043 | Vaults:5 | Got a steaming flail
 54828 | Vaults:5 | Identified the cursed +0 flail "Demonbane" {speed, Str+4} (You found it on level 5 of the Vaults)
 54977 | Vaults:5 | Got a silver rune of Zot
 54988 | Vaults:5 | Got a smoking dire flail {elec}
 55219 | Vaults:5 | Identified the +2 dire flail of Summer {elec, +Fly} (You took it off a deep elf high priest on level 5 of the Vaults)
 55771 | D:6      | Found an ancient bone altar of Kikubaaqudgha.
 55935 | D:2      | Fell from the grace of Elyvilon
 55935 | D:2      | Became a worshipper of the Shining One
 55935 | D:2      | Reached * piety under the Shining One
 55935 | D:2      | Reached ** piety under the Shining One
 55935 | D:2      | Reached *** piety under the Shining One
 56279 | Crypt:1  | Entered Level 1 of the Crypt
 56365 | Crypt:1  | Reached **** piety under the Shining One
 56385 | Crypt:1  | Reached skill level 10 in Maces & Flails
 56425 | Crypt:1  | Found a huge runed gate.
 56425 | Crypt:1  | Found a huge runed gate.
 56761 | Crypt:1  | Noticed a greater mummy
 56769 | Crypt:1  | Noticed Boris
 56772 | Crypt:1  | Noticed Khufu
 56799 | Crypt:1  | Killed a greater mummy
 56815 | Crypt:1  | Killed Boris
 56842 | Crypt:1  | Killed Khufu
 56936 | Crypt:1  | Got a vibrating diamond amulet
 57035 | Crypt:1  | Found a huge runed gate.
 57035 | Crypt:1  | Found a huge runed gate.
 57035 | Crypt:1  | Found a huge runed gate.
 57037 | Crypt:1  | Found a huge runed gate.
 57037 | Crypt:1  | Found a huge runed gate.
 57038 | Crypt:1  | Found a huge runed gate.
 57038 | Crypt:1  | Found a huge runed gate.
 57039 | Crypt:1  | Found a huge runed gate.
 57039 | Crypt:1  | Found a huge runed gate.
 57047 | Crypt:1  | Found a huge runed gate.
 57047 | Crypt:1  | Found a huge runed gate.
 57047 | Crypt:1  | Found a huge runed gate.
 57047 | Crypt:1  | Found a huge runed gate.
 57047 | Crypt:1  | Found a huge runed gate.
 57047 | Crypt:1  | Found a huge runed gate.
 57047 | Crypt:1  | Found a huge runed gate.
 57048 | Crypt:1  | Found a huge runed gate.
 57049 | Crypt:1  | Found a huge runed gate.
 57085 | Crypt:1  | Found a huge runed gate.
 57086 | Crypt:1  | Found a huge runed gate.
 57087 | Crypt:1  | Found a huge runed gate.
 57087 | Crypt:1  | Found a huge runed gate.
 57088 | Crypt:1  | Found a huge runed gate.
 57100 | Crypt:1  | Noticed Bai Suzhen
 57138 | Crypt:1  | Killed Bai Suzhen
 57143 | Crypt:1  | Found a huge runed gate.
 57143 | Crypt:1  | Found a huge runed gate.
 57143 | Crypt:1  | Found a huge runed gate.
 57143 | Crypt:1  | Found a huge runed gate.
 57143 | Crypt:1  | Found a huge runed gate.
 57173 | Crypt:1  | Reached ***** piety under the Shining One
 57740 | Crypt:2  | Found the +15 Maxwell's patent armour {-Cast -Tele rElec MR+ rCorr}
 57807 | Crypt:2  | Reached ****** piety under the Shining One
 58573 | Lair:1   | Identified the amulet of Lassunor {Reflect MR+ SH+3} (You found it on level 1 of the Crypt)
 58604 | Lair:1   | Identified a sacred scourge of holy wrath {god gift} (a demon whip of flaming blessed by the Shining One)
 58604 | Lair:1   | Received a gift from the Shining One
 58868 | Crypt:3  | Entered Level 3 of the Crypt
 58939 | Crypt:3  | Noticed a curse toe
 58947 | Crypt:3  | Reached XP level 25. HP: 168/168 MP: 36/36
 59127 | Crypt:3  | Noticed an ancient lich
 59127 | Crypt:3  | Noticed an ancient lich
 59138 | Crypt:3  | Noticed an ancient lich
 59146 | Crypt:3  | Killed an ancient lich
 59154 | Crypt:3  | Killed an ancient lich
 59154 | Crypt:3  | Reached skill level 15 in Maces & Flails
 59164 | Crypt:3  | Killed an ancient lich
 59171 | Crypt:3  | Identified Boupihidgh's Grimoire of Dark Magic
 59180 | Crypt:3  | Got a faintly glowing brass ring
 59181 | Crypt:3  | Identified the ring "Quloq" {+Fly rElec rPois Slay+3} (You found it on level 3 of the Crypt)
 59480 | Crypt:3  | Found a staircase to the Tomb.
 59501 | Crypt:3  | Found the +2 shield of Resistance {rF+ rC+ MR+}
 59651 | Tomb:1   | Entered Level 1 of the Tomb of the Ancients
 60253 | Tomb:1   | Noticed a greater mummy
 60267 | Tomb:1   | Killed a greater mummy
 60570 | Tomb:2   | Noticed an ancient lich
 60576 | Tomb:2   | Noticed a greater mummy
 60583 | Tomb:2   | Noticed a greater mummy
 60583 | Tomb:2   | Killed an ancient lich
 60584 | Tomb:2   | Noticed a greater mummy
 60615 | Tomb:1   | Killed a greater mummy
 61005 | Tomb:2   | Killed a greater mummy
 61005 | Tomb:2   | Reached XP level 26. HP: 173/173 MP: 20/36
 61005 | Tomb:2   | Killed a greater mummy
 61548 | Tomb:1   | Noticed a greater mummy
 61562 | Tomb:1   | Killed a greater mummy
 61593 | Tomb:1   | Noticed a greater mummy
 61617 | Tomb:1   | Killed a greater mummy
 61625 | Tomb:1   | Noticed a greater mummy
 61632 | Tomb:1   | Killed a greater mummy
 61704 | Tomb:1   | Noticed a greater mummy
 61734 | Tomb:1   | Killed a greater mummy
 61850 | Tomb:1   | Noticed a greater mummy
 61875 | Tomb:1   | Killed a greater mummy
 61895 | Tomb:1   | Noticed a greater mummy
 61906 | Tomb:1   | Killed a greater mummy
 62120 | Tomb:1   | Noticed a greater mummy
 62162 | Tomb:1   | Killed a greater mummy
 62436 | Tomb:1   | Noticed a greater mummy
 62444 | Tomb:1   | Killed a greater mummy
 62487 | Tomb:1   | Noticed a greater mummy
 62494 | Tomb:1   | Killed a greater mummy
 62516 | Tomb:1   | Noticed a greater mummy
 62526 | Tomb:1   | Killed a greater mummy
 62527 | Tomb:1   | Noticed a greater mummy
 62536 | Tomb:1   | Killed a greater mummy
 62630 | Tomb:1   | Noticed a greater mummy
 62645 | Tomb:1   | Killed a greater mummy
 62710 | Tomb:1   | Noticed a greater mummy
 62711 | Tomb:1   | Noticed a greater mummy
 62711 | Tomb:1   | Noticed a greater mummy
 62719 | Tomb:1   | Killed a greater mummy
 62726 | Tomb:1   | Killed a greater mummy
 62731 | Tomb:1   | Killed a greater mummy
 62969 | Tomb:1   | Noticed a greater mummy
 62986 | Tomb:1   | Killed a greater mummy
 63002 | Tomb:1   | Noticed a greater mummy
 63011 | Tomb:1   | Killed a greater mummy
 63025 | Tomb:1   | Noticed a greater mummy
 63038 | Tomb:1   | Killed a greater mummy
 63608 | Depths:1 | Entered Level 1 of the Depths
 63608 | Depths:1 | Found Jeivathro's Armour Shop.
 63746 | Depths:1 | Found a deep blue altar of Sif Muna.
 64048 | Depths:1 | Got a wavering iron amulet
 64049 | Depths:1 | Identified the amulet of Fedhas's Envy {RegenMP Dex+4} (You took it off a vampire mage on level 1 of the Depths)
 64076 | Depths:1 | Identified the Grimoire of Creation
 64250 | Depths:1 | Found a gateway to Hell.
 64569 | Hell     | Entered the Vestibule of Hell
 64569 | Hell     | Noticed Geryon
 64635 | Hell     | Killed Geryon
 64635 | Hell     | Reached XP level 27. HP: 182/182 MP: 37/37
 64760 | Hell     | Found a gateway to the decaying netherworld of Tartarus.
 64859 | Hell     | Found a gateway to the freezing wastes of Cocytus.
 65057 | Hell     | Found a gateway to the Iron City of Dis.
 65183 | Hell     | Found a gateway to the ashen valley of Gehenna.
 65410 | Depths:2 | Noticed a juggernaut
 65421 | Depths:2 | Killed a juggernaut
 65676 | Depths:2 | Found a one-way gate leading to the halls of Pandemonium.
 66151 | Depths:2 | Found a gateway to a ziggurat.
 66341 | Depths:2 | Found a glowing golden altar of the Shining One.
 66438 | Depths:3 | Found a one-way gate to the infinite horrors of the Abyss.
 66477 | Depths:3 | You are sucked into a shaft for 2 floors!
 66477 | Depths:5 | Entered Level 5 of the Depths
 66483 | Depths:5 | Found Toapaheb's Gadget Emporium.
 66483 | Depths:5 | Found Apagacs's Jewellery Shop.
 66484 | Depths:5 | Found Yfooc's Jewellery Shop.
 66971 | Depths:5 | Found a gate to the Realm of Zot.
 67354 | Depths:5 | Got a shimmering flail
 67355 | Depths:5 | Identified the +4 flail "Limuox" {flame, rF+ Dex+2} (You found it on level 5 of the Depths)
 67560 | Zot:1    | Entered Level 1 of the Realm of Zot
 67884 | Zot:1    | Got a scorched scale mail
 67885 | Zot:1    | Identified the +0 scale mail of Agnosticism {rPois MP+9 Str-4 Slay+3} (You found it on level 1 of the Realm of Zot)
 70925 | Zot:3    | Reached skill level 15 in Short Blades
 71373 | Zot:3    | Noticed Tiamat
 71373 | Zot:3    | Cast into level 4 of the Abyss (Tiamat)
 71576 | Zot:3    | Escaped the Abyss
 71633 | Zot:3    | Cast into level 4 of the Abyss (Tiamat)
 71871 | Abyss:4  | Gained mutation: You are weak. (Str -2) [a neqoxec]
 71874 | Abyss:4  | Gained mutation: Armour fits poorly on your strangely shaped body. [a neqoxec]
 72006 | Zot:3    | Escaped the Abyss
 72092 | Zot:3    | Killed Tiamat
 73732 | Zot:5    | Entered Level 5 of the Realm of Zot
 73768 | Zot:5    | Noticed Setanta's ghost (legendary MiFi)
 73834 | Zot:5    | Killed Setanta's ghost
 73845 | Zot:5    | Noticed an ancient lich
 73853 | Zot:5    | Killed an ancient lich
 74133 | Zot:5    | Noticed an ancient lich
 74142 | Zot:5    | Killed an ancient lich
 74600 | Zot:5    | Noticed an orb of fire
 74614 | Zot:5    | Killed an orb of fire
 74854 | Zot:5    | Noticed an orb of fire
 74867 | Zot:5    | Gained mutation: You are clumsy. (Dex -2) [an orb of fire]
 74870 | Zot:5    | Killed an orb of fire
 75297 | Zot:5    | Noticed an orb of fire
 75300 | Zot:5    | Gained mutation: You are very weak. (Str -4) [an orb of fire]
 75302 | Zot:5    | Noticed an orb of fire
 75313 | Zot:5    | Killed an orb of fire
 75313 | Zot:5    | Gained mutation: You are occasionally teleported next to monsters. [an orb of fire]
 75322 | Zot:5    | Killed an orb of fire
 75470 | Zot:5    | Noticed an ancient lich
 75482 | Zot:5    | Killed an ancient lich
 76016 | Zot:5    | Noticed an ancient lich
 76032 | Zot:5    | Killed an ancient lich
 76232 | Zot:5    | Noticed an orb of fire
 76233 | Zot:5    | Gained mutation: You are partially covered in thin metallic scales. (AC +2) [an orb of fire]
 76238 | Zot:5    | Gained mutation: Potions are less effective at restoring your health. [an orb of fire]
 76242 | Zot:5    | Noticed an orb of fire
 76253 | Zot:5    | Killed an orb of fire
 76260 | Zot:5    | Gained mutation: You do not regenerate when monsters are visible. [an orb of fire]
 76267 | Zot:5    | Gained mutation: You expend magic power (3 MP) to strengthen your wands. [an orb of fire]
 76273 | Zot:5    | Killed an orb of fire
 76823 | Zot:5    | Noticed an ancient lich
 76837 | Zot:5    | Killed an ancient lich
 77124 | Depths:4 | Noticed Mara
 77136 | Depths:4 | Noticed ponchio's illusion
 77249 | Depths:4 | Noticed ponchio's illusion
 77250 | Depths:4 | Killed Mara
 77315 | Depths:4 | Identified Tafimap's Catalogue of the Enchanting Mountains
 77643 | Depths:4 | Found a runed door.
 77874 | Depths:4 | Noticed an ancient lich
 77875 | Depths:4 | Noticed an ancient lich
 77881 | Depths:4 | Killed an ancient lich
 77890 | Depths:4 | Killed an ancient lich
 77906 | Depths:4 | Got a translucent tin amulet
 77913 | Depths:4 | Identified the amulet "Biem" {Reflect rPois rF+++ Int-5 Dex-2 SH+3} (You found it on level 4 of the Depths)
 78282 | Depths:3 | Identified the Almanac of Snow and Stones
 78284 | Depths:3 | Identified Xote Wev's Catalogue of Bewitchment
 78289 | Depths:3 | Identified Oxutzito's Guide on Dark Flames
 78292 | Depths:3 | Identified the Reference Book on Helpful Transmutation
 79127 | Pan      | Entered Pandemonium
 79127 | Pan      | Noticed Dusamual the pandemonium lord
 79147 | Pan      | Killed Dusamual the pandemonium lord
 79247 | Pan      | Got a demonic rune of Zot
 80317 | Pan      | Noticed Keehak the pandemonium lord
 80334 | Pan      | Killed Keehak the pandemonium lord
 80515 | Pan      | Gained mutation: Scrolls take you a little longer to read. [a cacodemon]
 81018 | Pan      | Gained mutation: You are frail. (-10% HP) [a cacodemon]
 81097 | Pan      | Gained mutation: Your magical capacity is low. (-10% MP) [a cacodemon]
 81536 | Pan      | Found an exit through the horrors of the Abyss.
 81552 | Pan      | Gained mutation: Your magical capacity is very low. (-20% MP) [a neqoxec]
 81777 | Pan      | Noticed Korhufo the pandemonium lord
 81783 | Pan      | Gained mutation: Your body often deteriorates upon taking damage. [a cacodemon]
 81790 | Pan      | Killed Korhufo the pandemonium lord
 82354 | Pan      | Found an exit through the horrors of the Abyss.
 82426 | Pan      | Got an ancient rapier
 82429 | Pan      | Identified the cursed +1 rapier of Oozing Pus {flame, Fragile Str+3} (You found it in Pandemonium)
 82466 | Pan      | Noticed Jofer the pandemonium lord
 82473 | Pan      | Killed Jofer the pandemonium lord
 83509 | Pan      | Noticed Esarybia the pandemonium lord
 83526 | Pan      | Gained mutation: Your magical capacity is extremely low. (-30% MP) [a neqoxec]
 83538 | Pan      | Killed Esarybia the pandemonium lord
 84185 | Pan      | Found an exit through the horrors of the Abyss.
 84549 | Pan      | Took an exit into the Abyss.
 84549 | Abyss:1  | Escaped into the Abyss
 84577 | Abyss:1  | Noticed an ancient lich
 84595 | Abyss:1  | Killed an ancient lich
 84683 | Depths:2 | Escaped the Abyss
 85204 | D:6      | Fell from the grace of the Shining One
 85204 | D:6      | Became a worshipper of Zin the Law-Giver
 85204 | D:6      | Reached * piety under Zin
 85204 | D:6      | Reached ** piety under Zin
 85204 | D:6      | Reached *** piety under Zin
 85204 | D:6      | Reached **** piety under Zin
 85204 | D:6      | Reached ***** piety under Zin
 85206 | D:6      | Donated 2252 gold pieces to Zin
 85207 | D:6      | Donated 1126 gold pieces to Zin
 85208 | D:6      | Donated 563 gold pieces to Zin
 85209 | D:6      | Donated 281 gold pieces to Zin
 85447 | Snake:2  | Reached ****** piety under Zin
 85448 | Snake:2  | Lost mutation: Potions are less effective at restoring your health. [potion of mutation]
 85448 | Snake:2  | Lost mutation: You are very weak. (Str -4) [potion of mutation]
 85448 | Snake:2  | Lost mutation: Armour fits poorly on your strangely shaped body. [potion of mutation]
 85449 | Snake:2  | Lost mutation: You are frail. (-10% HP) [potion of mutation]
 85449 | Snake:2  | Lost mutation: You do not regenerate when monsters are visible. [potion of mutation]
 85661 | Elf:3    | Lost mutation: You are weak. (Str -2) [potion of mutation]
 85661 | Elf:3    | Lost mutation: Your body often deteriorates upon taking damage. [potion of mutation]
 85661 | Elf:3    | Lost mutation: You expend magic power (3 MP) to strengthen your wands. [potion of mutation]
 85664 | Elf:3    | Lost mutation: You are clumsy. (Dex -2) [potion of mutation]
 85664 | Elf:3    | Lost mutation: Your body sometimes deteriorates upon taking damage. [potion of mutation]
 85664 | Elf:3    | Lost mutation: Your magical capacity is extremely low. (-30% MP) [potion of mutation]
 85664 | Elf:3    | Lost mutation: Scrolls take you a little longer to read. [potion of mutation]
 85665 | Elf:3    | Lost mutation: Your magical capacity is very low. (-20% MP) [potion of mutation]
 85665 | Elf:3    | Lost mutation: Your magical capacity is low. (-10% MP) [potion of mutation]
 85665 | Elf:3    | Lost mutation: You are occasionally teleported next to monsters. [potion of mutation]
 85925 | Slime:1  | Entered Level 1 of the Pits of Slime
 88931 | Slime:5  | Entered Level 5 of the Pits of Slime
 89474 | Slime:5  | Noticed the Royal Jelly
 89489 | Slime:5  | Found a viscous altar of Jiyva.
 89508 | Slime:5  | Killed the Royal Jelly
 89805 | Slime:5  | Got a slimy rune of Zot
 89807 | Slime:5  | Got a crystal spear
 89818 | Slime:5  | Identified the Guide on Shifting Feathers
 89839 | Slime:5  | Got a bound copper ring
 89862 | Slime:5  | Got a smoking ring mail
 89867 | Slime:5  | Got a brightly glowing glaive
 89887 | Slime:5  | Identified Tuiceriw's Grimoire of Earthen Heat
 89917 | Slime:5  | Got a bloodstained ring mail
 89943 | Slime:5  | Identified the +10 spear "Ehublesch" {pierce, *Drain rN+ MR+} (You found it on level 5 of the Pits of Slime)
 89944 | Slime:5  | Identified the +5 glaive of Discord {chop, Dex+3} (You found it on level 5 of the Pits of Slime)
 89952 | Slime:5  | Got a heavily runed leather armour
 89961 | Slime:5  | Identified the cursed +0 leather armour "Nururr" {Str+5} (You found it on level 5 of the Pits of Slime)
 89962 | Slime:5  | Identified the cursed +0 ring mail of Awe {Int+4} (You found it on level 5 of the Pits of Slime)
 89963 | Slime:5  | Identified the +4 ring mail "Jizetif" {+Fly rC- Str+4 Dex+2} (You found it on level 5 of the Pits of Slime)
 90125 | Slime:5  | Identified the ring "Reit" {*Tele rN+} (You found it on level 5 of the Pits of Slime)
 90859 | Dis:1    | Entered Level 1 of the Iron City of Dis
 91467 | Dis:1    | Reached skill level 27 in Invocations
 92776 | Dis:2    | Reached skill level 27 in Fighting
 96765 | Dis:6    | Found a huge runed gate.
 96765 | Dis:6    | Found a huge runed gate.
 96765 | Dis:6    | Found a huge runed gate.
 96765 | Dis:6    | Found a huge runed gate.
 96765 | Dis:6    | Found a huge runed gate.
 96771 | Dis:6    | Found a huge runed gate.
 96771 | Dis:6    | Found a huge runed gate.
 96771 | Dis:6    | Found a huge runed gate.
 96771 | Dis:6    | Found a huge runed gate.
 96771 | Dis:6    | Found a huge runed gate.
 96771 | Dis:6    | Found a huge runed gate.
 96806 | Dis:6    | Found a huge runed gate.
 96806 | Dis:6    | Found a huge runed gate.
 96807 | Dis:6    | Found a huge runed gate.
 97531 | Dis:6    | Found a huge runed gate.
 97533 | Dis:6    | Found a huge runed gate.
 97535 | Dis:6    | Found a huge runed gate.
 97541 | Dis:6    | Found a huge runed gate.
 97541 | Dis:6    | Found a huge runed gate.
 97542 | Dis:6    | Found a huge runed gate.
 97546 | Dis:6    | Found a huge runed gate.
 97546 | Dis:6    | Found a huge runed gate.
 97546 | Dis:6    | Found a huge runed gate.
 97546 | Dis:6    | Found a huge runed gate.
 97546 | Dis:6    | Found a huge runed gate.
 98033 | Dis:7    | Entered Level 7 of the Iron City of Dis
100450 | Dis:7    | Identified the amulet "Togacagg" {Harm *Drain rF+ Int+5} (You found it on level 7 of the Iron City of Dis)
100472 | Dis:7    | Identified the +4 plate armour of the Dozen Gods {-Cast +Inv rC++} (You found it on level 7 of the Iron City of Dis)
100633 | Dis:7    | Got a smoking bronze amulet
100700 | Dis:7    | Got a twisted quarterstaff
101574 | Dis:7    | Identified the Guide on the Oath and Darkness
101923 | Dis:7    | Noticed Dispater
101963 | Dis:7    | Killed Dispater
101967 | Dis:7    | Identified the amulet of Ofra Son {Gourm +Inv rC+ Int+6} (You found it on level 7 of the Iron City of Dis)
102051 | Dis:7    | Got an iron rune of Zot
102053 | Dis:7    | Got an iridescent executioner's axe
102054 | Dis:7    | Identified the cursed +0 executioner's axe of Tender Mercy {venom, rPois Dex+7 SInv} (You found it on level 7 of the Iron City of Dis)
102488 | Snake:4  | Bought the ring of Visugon {Wiz -Tele rF+ rC+ rN++} for 1173 gold pieces
102812 | Tar:1    | Entered Level 1 of Tartarus
108696 | Tar:6    | Reached skill level 27 in Maces & Flails
109454 | Tar:6    | Noticed an ancient lich
109669 | Tar:7    | Entered Level 7 of Tartarus
110244 | Tar:7    | Got a glittering iron ring
110280 | Tar:7    | Got a shimmering helmet
110281 | Tar:7    | Identified the cursed -3 helmet of the Sparrow {rF+} (You found it on level 7 of Tartarus)
110283 | Tar:7    | Identified the ring of the Sunfish {rElec Str+4 Dex+3 Stlth+} (You found it on level 7 of Tartarus)
111737 | Tar:7    | Identified Sif Muna's Almanac of Ashen Ignition
111747 | Tar:7    | Got a glittering bone ring
111754 | Tar:7    | Identified the cursed ring "Upoogog" {*Drain rPois Int-3 Dex+3} (You found it on level 7 of Tartarus)
112123 | Tar:7    | Noticed Ereshkigal
112158 | Tar:7    | Killed Ereshkigal
112572 | Tar:7    | Got a bone rune of Zot
112755 | Tar:7    | Reached skill level 27 in Armour
113521 | Coc:1    | Entered Level 1 of Cocytus
117199 | Coc:4    | Reached skill level 27 in Dodging
118278 | Coc:5    | Gained mutation: You are clumsy. (Dex -2) [mutagenic glow]
119727 | Coc:7    | Entered Level 7 of Cocytus
120461 | Coc:7    | Noticed the Serpent of Hell
120485 | Coc:7    | Killed the Serpent of Hell
121658 | Coc:7    | Noticed Antaeus
121690 | Coc:7    | Killed Antaeus
121734 | Coc:7    | Got a translucent turquoise ring
121735 | Coc:7    | Identified the ring "Moplil" {rPois Str+2} (You took it off Antaeus on level 7 of Cocytus)
122003 | Coc:7    | Identified Ethunam's Compendium of Ignition and Contamination
122008 | Coc:7    | Got an icy rune of Zot
122435 | Geh:1    | Entered Level 1 of Gehenna
127801 | Geh:6    | Lost mutation: You are clumsy. (Dex -2) [potion of mutation]
127818 | Geh:7    | Entered Level 7 of Gehenna
127991 | Geh:7    | Reached skill level 27 in Shields
128004 | Geh:7    | Reached skill level 1 in Evocations
128462 | Geh:7    | Reached skill level 5 in Evocations
130267 | Geh:7    | Reached skill level 10 in Evocations
130273 | Geh:7    | Got a flickering lead ring
130335 | Geh:7    | Killed from afar by a Brimstone Fiend

Skill      XL: |  1  2  3  4  5  6  7  8  9 10 11 12 13 14 15 16 17 18 19 20 21 22 23 24 25 26 27 |
---------------+----------------------------------------------------------------------------------+-----
Fighting       | 4 5 6 7 8 9 10 12 13 14 16 17 18 19 21 27 | 27.0
Maces & Flails | 3 4 5 6 7 8 9 12 17 19 27 | 27.0
Short Blades   | 2 5 7 8 11 12 14 16 | 16.3
Dodging        | 2 5 7 8 9 10 11 12 15 16 17 27 | 27.0
Invocations    | 5 6 8 10 12 14 15 16 17 18 19 20 27 | 27.0
Armour         | 6 7 9 10 12 13 14 15 16 17 18 27 | 27.0
Shields        | 5 7 9 10 12 13 14 15 27 | 27.0
Evocations     | 10 | 10.4
Axes           | |  0.2

Action                   |  1- 3 |  4- 6 |  7- 9 | 10-12 | 13-15 | 16-18 | 19-21 | 22-24 | 25-27 || total
-------------------------+-------+-------+-------+-------+-------+-------+-------+-------+-------++-------
Melee: Flail             |   178 |   176 |   145 |       |       |       |       |       |       ||   499
       Cutlass           |       |       |   199 |   871 |  2191 |  1842 |  2342 |  2464 |  1527 || 11436
       Hand axe          |       |       |       |    78 |       |       |       |       |       ||    78
       Sacred scourge    |       |       |       |       |       |       |       |    42 | 12117 || 12159
Invok: Divine Protection |       |       |       |       |     1 |       |       |       |       ||     1
       Greater Healing   |       |       |       |       |     1 |     9 |     4 |     1 |       ||    15
       Divine Vigour     |       |       |       |       |     1 |       |       |     3 |       ||     4
       Purification      |       |       |       |       |       |     3 |     2 |       |       ||     5
       Cleansing Flame   |       |       |       |       |       |       |       |     3 |    53 ||    56
       Brand Weapon With |       |       |       |       |       |       |       |     1 |       ||     1
       Summon Divine War |       |       |       |       |       |       |       |       |    26 ||    26
       Vitalisation      |       |       |       |       |       |       |       |       |    37 ||    37
       Recite            |       |       |       |       |       |       |       |       |     9 ||     9
       Donate Gold       |       |       |       |       |       |       |       |       |     4 ||     4
       Sanctuary         |       |       |       |       |       |       |       |       |     2 ||     2
 Abil: Fly               |       |       |       |       |     1 |       |     1 |       |       ||     2
       Stop Flying       |       |       |       |       |       |       |     1 |     1 |       ||     2
Evoke: Wand              |       |       |       |       |     1 |       |     2 |       |     8 ||    11
  Use: Scroll            |       |    13 |     7 |    13 |     5 |     1 |    11 |    10 |    35 ||    95
       Potion            |       |       |       |     9 |     3 |     1 |       |       |    20 ||    33
 Stab: Distracted        |       |       |       |       |       |       |     1 |     1 |     1 ||     3
       Paralysed         |       |       |       |       |       |       |       |       |     8 ||     8
       Confused          |       |       |       |       |       |       |       |       |     5 ||     5
       Petrifying        |       |       |       |       |       |       |       |       |     2 ||     2
  Eat: Chunk             |     4 |     3 |     9 |    21 |    24 |    13 |    25 |    15 |    50 ||   164
       Ration            |       |       |     1 |     2 |     5 |     7 |     6 |     7 |    62 ||    90
Armor: Scale mail        |    69 |       |       |       |       |       |       |       |       ||    69
       Chain mail        |    71 |    10 |     6 |   410 |   622 |   373 |   456 |   569 |  3100 ||  5617
       Ring mail         |       |    84 |   126 |       |       |       |       |       |       ||   210
Dodge: Dodged            |    57 |    55 |    95 |   287 |   557 |   470 |   762 |   725 |  6469 ||  9477
Block: Shield            |   110 |    88 |   133 |   550 |  1399 |   995 |  1290 |  1334 |  7309 || 13208
       Reflection        |       |       |       |       |    86 |   117 |   151 |    95 |     3 ||   452
